Unix NetHack Version 5.0.0-0 post-release - last build May  4 2026 22:22:43 (774f63e81ad911689b3a0859ea89b322d5daca8d,branch:main).

Game began 2026-05-09 22:31:42, ended 2026-05-10 10:20:18.

A4Paper, chaotic female elven Wizard

              -------------
              |...........|        ------      -------
              |...........|        |..`.|      |.....|
              |...........|        |....+     #.......##
              |...........-##      |....|     #|.....| #
              |...........| #######.....|  ####|.....| #
              -----|----+--        |>...|  #   |.....| #
                   #               |....-###   |.....| ###
                   ###             ------      ------- ###
                    ##                                  ##
                   ##                                   ####  ------
                 ###                                       #  |.<..|
              &d##                                         ###|....|
          ----@--                                            #-..(.|
          |..@.)|                                             ------
          |[...f|
          |*..."|
          |%)]..|
          -------

A4Paper the Conjurer      St:10 Dx:12 Co:13 In:19 Wi:11 Ch:10  Chaotic S:921
Dlvl:2  $:525 HP:0(29) Pw:34(37) AC:6  Xp:3/79 T:3510 

Latest messages:
 The spell misses the jackal.
 The jackal bites!
 You already found a monster.  Use 'm' prefix to force another search.
 You already found a monster.  Use 'm' prefix to force another search.
 You already found a monster.  Use 'm' prefix to force another search.
 You already found a monster.  Use 'm' prefix to force another search.
 You are already bare handed.
 It won't come off the hinges.
 Are you waiting to get hit?  Use 'm' prefix to force a no-op (to rest).
 You begin praying to Anhur.
 The jackal bites!
 The jackal bites!
 The jackal bites!
 You finish your prayer.
 The voice of Anhur booms: 
 "Thou art arrogant, mortal."
 "Thou must relearn thy lessons!"
 You feel foolish!
 Goodbye level 4.
 You feel tired!
 You begin praying to Anhur.
 The jackal bites!
 The jackal bites!
 The jackal bites!
 You finish your prayer.
 The voice of Anhur booms: "Thou hast angered me."
 You feel a malignant aura surround you.
 You begin praying to Anhur.
 The jackal bites!
 The jackal bites!
 The jackal bites!
 You finish your prayer.
 The voice of Anhur thunders: 
 "Thou durst call upon me?"
 "Then die, mortal!"
 You begin praying to Anhur.
 The jackal bites!
 The succubus of Anhur hits!
 The succubus of Anhur hits again!
 The jackal bites!
 The succubus of Anhur hits!
 The succubus of Anhur hits again!
 The jackal bites!
 You finish your prayer.
 The voice of Anhur booms out: "Thou hast angered me."
 Suddenly, a bolt of lightning strikes you!
 You fry to a crisp!
 Chibougamau gratefully inherits all your possessions.
 Do you want to see what you had when you died? [ynq] (y)
 Do you want to see your attributes? [ynq] (y)

Inventory:
 Coins    ('$')
  $ - 525 gold pieces
 Weapons  (')')
  Q - 2 +0 crossbow bolts
  i - 9 cursed -1 crossbow bolts
  R - a burnt +0 sling
  M - a +0 dagger
 Armor    ('[')
  y - a blessed +0 pair of elven boots (being worn)
  b - an uncursed +2 cloak of magic resistance (being worn)
  O - an uncursed +0 leather jacket
 Scrolls  ('?')
  S - an uncursed scroll of amnesia
  J - an uncursed scroll of identify
  D - an uncursed scroll of magic mapping
  j - an uncursed scroll of scare monster
 Spellbooks  ('+')
  m - an uncursed spellbook of cause fear
  l - a blessed spellbook of force bolt
 Potions  ('!')
  f - a cursed potion of extra healing
  g - an uncursed potion of healing
  w - an uncursed potion of levitation
  h - an uncursed potion of restore ability
 Rings    ('=')
  d - an uncursed ring of free action (on right hand)
  e - an uncursed ring of regeneration
 Wands    ('/')
  N - a wand of secret door detection (0:13)
  c - a wand of speed monster (0:3)
 Tools    ('(')
  o - an uncursed wooden harp
  n - a magic marker (0:22)
  K - an uncursed tin whistle

A4Paper the Wizard's attributes:

Background:
 You were a Conjurer, a level 3 female elven Wizard.
 You were chaotic, on a mission for Anhur
 who was opposed by Ptah (lawful) and Thoth (neutral).
 You were right-handed.
 You were in the Dungeons of Doom, on level 2.
 You entered the dungeon 3510 turns ago.
 You had 79 experience points, 1 more was needed to attain level 4.
 Your score was 921 before end-of-game adjustments.

Basics:
 You had 0 out of 29 hit points.
 You had 34 out of 37 energy points (spell power).
 Your armor class was 6.
 Your wallet contained 525 zorkmids.
 Autopickup was off.

Final Characteristics:
 Your strength was 10 (limit:18).
 Your dexterity was 12 (limit:18).
 Your constitution was 13 (limit:16).
 Your intelligence was 19 (limit:20).
 Your wisdom was 11 (peak:12, limit:20).
 Your charisma was 10 (limit:18).

Final Status:
 You weren't hungry.
 You were unencumbered.
 You were bare handed.
 You were unskilled in bare handed combat.

Final Attributes:
 You were piously aligned.
 You were magic-protected.
 You had infravision.
 You were stealthy.
 You were warded.
 You had free action.
 You were extremely unlucky.
 Anhur was very angry with you.
 You are dead.

Miscellaneous:
 You didn't encounter any bones levels.
 Total elapsed playing time was 14 minutes and 5 seconds.

Major events:
 Turn
    1: A4Paper the chaotic female elven Wizard entered the dungeon
 1302: attained the rank of Conjurer (level 3)
 2928: was bestowed with Magicbane by Anhur
 3510: killed by the wrath of Anhur

Spells:
 Name                 Level Category     Fail Retention
 force bolt             1   attack         0%   81%-90%
 cause fear             3   enchantment    0%   81%-90%

Skills:
 Fighting Skills
   bare handed combat [Unskilled]
   riding             [Unskilled]
 Weapon Skills
   dagger             [Unskilled]
   knife              [Unskilled]
   axe                [Unskilled]
   short sword        [Unskilled]
   club               [Unskilled]
   mace               [Unskilled]
   quarterstaff       [Basic]
   polearms           [Unskilled]
   spear              [Unskilled]
   trident            [Unskilled]
   sling              [Unskilled]
   dart               [Unskilled]
   shuriken           [Unskilled]
 Spellcasting Skills
   attack spells      [Basic]
   healing spells     [Unskilled]
   divination spells  [Unskilled]
   enchantment spells [Basic]
   clerical spells    [Unskilled]
   escape spells      [Unskilled]
   matter spells      [Unskilled]

Voluntary challenges:
 Character rerolling was not enabled.
 You never genocided any monsters.
 You never polymorphed an object.
 You never changed form.
 You used no wishes.
Achievements:
 You attained the rank of Conjurer.
 You entered a shop.

 The Dungeons of Doom: levels 1 to 2
    Level 1:
       An altar to Anhur, a grave.
    Level 2: <- You were here.
       A general store.
       Final resting place for
          you, killed by the wrath of Anhur.


Vanquished creatures:
  a gas spore
  a hobbit
  a yellow mold
  a gnome zombie
  3 geckos
 12 jackals
  2 foxes
  4 goblins
  3 sewer rats
  3 grid bugs
  8 lichens
  a kobold zombie
  6 newts
46 creatures vanquished.

No species were genocided or became extinct.

Game over:
                       ----------
                      /          \
                     /    REST    \
                    /      IN      \
                   /     PEACE      \
                  /                  \
                  |     A4Paper      |
                  |      525 Au      |
                  |  killed by the   |
                  |  wrath of Anhur  |
                  |                  |
                  |                  |
                  |       2026       |
                 *|     *  *  *      | *
        _________)/\\_//(\/(/\)/\//\/|_)_______

Goodbye A4Paper the Wizard...

You died in The Dungeons of Doom on dungeon level 2 with 869 points,
and 525 pieces of gold, after 3510 moves.
You were level 3 with a maximum of 29 hit points when you died.

